[Event "Titled Tuesday Blitz June 07 Late 2022"]
[White "Andreikin, Dmitry"]
[Black "Gunduz, Umut Erdem"]
[WhiteFideId "4158814"]
[BlackFideId "6381383"]
[WhiteElo "2736"]
[BlackElo "2099"]
[Result "1-0"]
[Round "01"]
[TimeControl "180+1"]
[Date "2022.06.07"]
[WhiteClock "0:02:16"]
[BlackClock "0:01:09"]

1. d4 Nf6 2. c4 e6 3. Nc3 d5 4. cxd5 exd5 5. Bg5 c6 6. e3 Bf5 7. Qf3 Bg6 8. Bxf6 Qxf6 9. Qxf6 gxf6 10. Nf3 Nd7 11. Nh4 Bd6 12. g3 O-O-O 13. O-O-O Rde8 14. Bd3 Nb6 15. Kc2 Kb8 16. Nf5 Bc7 17. Ne2 Nc4 18. b3 Nd6 19. Nxd6 Bxd6 20. Ng1 h5 21. Nf3 Be4 22. Bxe4 Rxe4 23. Nh4 Kc7 24. Kd3 Kd7 25. Nf5 Ke6 26. Ng7+ Kd7 27. f3 Re7 28. Nf5 Re6 29. h4 Rg8 30. Rdg1 Ree8 31. g4 hxg4 32. Rxg4 Rh8 33. h5 Ke6 34. Ng7+ Kd7 35. Nxe8 Kxe8 36. h6 1-0


[Site "https://www.chess.com"]

[Event "Titled Tuesday Blitz June 07 Late 2022"]
[White "Badelka, Olga"]
[Black "Lobanov, Sergei"]
[WhiteFideId "13509926"]
[BlackFideId "24183750"]
[WhiteElo "2165"]
[BlackElo "2524"]
[Result "1-0"]
[Round "01"]
[TimeControl "180+1"]
[Date "2022.06.07"]
[WhiteClock "0:00:05"]
[BlackClock "0:00:04"]

1. c4 e5 2. Nc3 Nc6 3. a3 a5 4. g3 g6 5. Bg2 Bg7 6. e4 Nge7 7. Nge2 d6 8. O-O h5 9. d3 h4 10. Bg5 f6 11. Be3 Bg4 12. h3 Be6 13. g4 f5 14. f3 Nd4 15. Nd5 Nec6 16. exf5 gxf5 17. Nxd4 Nxd4 18. Bxd4 exd4 19. Re1 Kd7 20. Qa4+ c6 21. gxf5 Bxd5 22. cxd5 Kc7 23. dxc6 bxc6 24. f4 Ra6 25. Rac1 Qd7 26. Re6 Bh6 27. Rce1 Rh7 28. f6 Bf8 29. Re8 Rf7 30. Rxf8 Rxf8 31. Re7 Rxf6 32. Rxd7+ Kxd7 33. Qxd4 Ke7 34. Qc4 Rb6 35. Qe4+ Kf7 36. Qh7+ Kf8 37. Qh8+ Kf7 38. Qh7+ Kf8 39. Qxh4 Kg7 40. Qg5+ Kf7 41. Qh5+ Kg7 42. Qg5+ Kf7 43. Be4 Rxb2 44. Qh5+ Ke7 45. Qh7+ Rf7 46. Qh8 Ra2 47. Qc8 Rg7+ 48. Kf1 Rg3 49. Qc7+ Ke6 50. f5+ Ke5 51. Qe7+ Kf4 52. Qxd6+ 1-0


[Site "https://www.chess.com"]

[Event "Titled Tuesday Blitz June 07 Late 2022"]
[White "Bayo Milagro, Alvaro"]
[Black "Svane, Rasmus"]
[WhiteFideId "22275240"]
[BlackFideId "4657101"]
[WhiteElo "2270"]
[BlackElo "2674"]
[Result "0-1"]
[Round "01"]
[TimeControl "180+1"]
[Date "2022.06.07"]
[WhiteClock "0:00:10"]
[BlackClock "0:00:03"]

1. d4 d5 2. c4 e6 3. Nf3 a6 4. Qc2 Nf6 5. g3 dxc4 6. a4 b6 7. Bg2 Bb7 8. Qxc4 c5 9. O-O Nbd7 10. Rd1 Rc8 11. Bg5 Be7 12. Nc3 O-O 13. Qd3 h6 14. Bxf6 Nxf6 15. Ne5 Bxg2 16. Kxg2 cxd4 17. Qxd4 Qc7 18. Nd3 Qb7+ 19. f3 Rfd8 20. Qe3 Nd5 21. Nxd5 exd5 22. Rac1 Bf6 23. Rxc8 Rxc8 24. Rc1 Rd8 25. b4 Qd7 26. Qxb6 Qxa4 27. Rc6 Re8 28. Kf2 Qa1 29. Qxa6 Bd4+ 30. Kg2 Rxe2+ 31. Kh3 Qf1+ 32. Kg4 h5+ 33. Kg5 Qxf3 34. Qc8+ Kh7 35. Qf5+ Qxf5+ 36. Kxf5 Rd2 37. Nf4 Be3 38. b5 Rb2 39. Nxd5 Rxb5 40. Ke4 Bg1 41. h3 Rb3 42. Rc3 Rb7 43. g4 hxg4 44. hxg4 Rb1 45. Kf3 Bd4 46. Rd3 Be5 47. Ne3 g6 48. Rd5 Bb8 49. Rd7 Kg7 50. Nc4 Rb3+ 51. Ke4 Rg3 52. Rb7 Rxg4+ 53. Kd5 Bg3 54. Nb6 Rb4 55. Kc5 Rb1 56. Kc6 Bf2 0-1


[Site "https://www.chess.com"]

[Event "Titled Tuesday Blitz June 07 Late 2022"]
[White "Bazeev, German"]
[Black "Leschinsky, Gary"]
[WhiteFideId "24119350"]
[BlackFideId "30951321"]
[WhiteElo "2493"]
[BlackElo "1809"]
[Result "0-1"]
[Round "01"]
[TimeControl "180+1"]
[Date "2022.06.07"]
[WhiteClock "0:00:30"]
[BlackClock "0:00:07"]

1. d4 d5 2. Nf3 Nf6 3. c4 c6 4. Qc2 dxc4 5. e4 b5 6. b3 cxb3 7. axb3 Bb7 8. Bd2 a5 9. Bd3 e6 10. O-O Be7 11. Rd1 h6 12. h3 O-O 13. Qc1 Nfd7 14. e5 c5 15. Bxh6 Bxf3 16. gxf3 Nc6 17. Kh1 f5 18. exf6 Bxf6 19. Rg1 Nxd4 20. Qe3 Ne5 21. Be4 Ra7 22. Nd2 Nf5 23. Bxf5 exf5 24. Qxc5 Rd7 25. Rae1 Nd3 26. Qxf5 Nxe1 27. Ne4 Ba1 28. Qe6+ Kh8 29. Ng5 Rd6 30. Bxg7+ Bxg7 31. Qxe1 Qf6 32. Qb1 Qg6 33. Ne4 Qh6 34. Rg3 Rg6 35. Kg2 Rxg3+ 36. Nxg3 Qh7 37. Qe4 Qxe4 38. Nxe4 Re8 39. Nd6 Rg8 40. Nxb5 Kh7 41. Nd6 Bf8+ 42. Kf1 Bxd6 43. Ke2 Bb4 44. Kd3 Re8 45. Kd4 Re2 46. Kd5 Rxf2 47. Kc4 Rxf3 48. Kd5 Rxh3 0-1


[Site "https://www.chess.com"]

[Event "Titled Tuesday Blitz June 07 Late 2022"]
[White "Bluebaum, Matthias"]
[Black "Peatman, Carter"]
[WhiteFideId "24651516"]
[BlackFideId "2096480"]
[WhiteElo "2556"]
[BlackElo "2480"]
[Result "1-0"]
[Round "01"]
[TimeControl "180+1"]
[Date "2022.06.07"]
[WhiteClock "0:01:05"]
[BlackClock "0:00:03"]

1. d4 d5 2. c4 e6 3. Nc3 Nf6 4. cxd5 exd5 5. Bg5 c6 6. e3 Qb6 7. Qd2 Ne4 8. Nxe4 dxe4 9. Ne2 h6 10. Bh4 Bf5 11. Nc3 Bb4 12. Be2 Nd7 13. O-O O-O 14. a3 Bxc3 15. bxc3 Qa5 16. Rfb1 b6 17. Qb2 Rac8 18. Qb4 Qxb4 19. axb4 Ra8 20. Ra3 a5 21. Rba1 Be6 22. Bg3 Rfc8 23. bxa5 b5 24. h3 Nb8 25. c4 bxc4 26. Ra4 c3 27. Rc1 Nd7 28. Rxc3 c5 29. a6 cxd4 30. Rxc8+ Rxc8 31. a7 Bd5 32. Rxd4 Nb6 33. Bb8 Rc1+ 34. Kh2 Ra1 35. Rb4 Nd7 36. Bb5 Nf6 37. Ba4 Ra2 38. Bg3 Kh7 39. Be5 Kg6 40. Bxf6 gxf6 41. Kg3 f5 42. Rb6+ Kg7 43. Ra6 1-0


[Site "https://www.chess.com"]

[Event "Titled Tuesday Blitz June 07 Late 2022"]
[White "Boder, Jan"]
[Black "Matlakov, Maxim"]
[WhiteFideId "16243226"]
[BlackFideId "4168003"]
[WhiteElo "2064"]
[BlackElo "2669"]
[Result "0-1"]
[Round "01"]
[TimeControl "180+1"]
[Date "2022.06.07"]
[WhiteClock "0:00:02"]
[BlackClock "0:00:10"]

1. b3 d5 2. Bb2 c5 3. e3 a6 4. f4 Nc6 5. Nf3 Nf6 6. Bd3 g6 7. O-O Bg7 8. Ne5 Nxe5 9. Bxe5 O-O 10. Nc3 b5 11. a4 b4 12. Ne2 Bb7 13. Ng3 Rc8 14. Qe2 a5 15. f5 Qb6 16. Bb5 Rcd8 17. d3 Bh6 18. Rae1 Bc6 19. Bxf6 exf6 20. Bxc6 Qxc6 21. e4 d4 22. Qg4 Kh8 23. Qh4 Bg5 24. Qg4 Rde8 25. h4 Be3+ 26. Kh1 Qd6 27. h5 Rg8 28. Qh3 gxh5 29. Nxh5 Rg5 30. Rf3 Reg8 31. Ref1 Rg4 32. g3 Qe5 33. Kg2 R4g5 34. Nf4 R8g7 35. Qh4 Bd2 36. R1f2 Be3 37. Rf1 Qb8 38. Rh1 Rg4 39. Ng6+ fxg6 40. Qxf6 gxf5 41. Rh3 f4 42. Kf1 Qg8 0-1


[Site "https://www.chess.com"]

[Event "Titled Tuesday Blitz June 07 Late 2022"]
[White "Chen, Justin"]
[Black "Rasulov, Vugar"]
[WhiteFideId "2098199"]
[BlackFideId "13402390"]
[WhiteElo "2289"]
[BlackElo "2560"]
[Result "0-1"]
[Round "01"]
[TimeControl "180+1"]
[Date "2022.06.07"]
[WhiteClock "0:00:03"]
[BlackClock "0:01:37"]

1. Nf3 Nf6 2. b3 g6 3. Bb2 Bg7 4. g3 O-O 5. d4 d5 6. Bg2 Ne4 7. O-O c5 8. Nbd2 Nc6 9. c3 Bf5 10. Rc1 Rc8 11. e3 Nxd2 12. Qxd2 Be4 13. Rfd1 cxd4 14. cxd4 Qb6 15. Qe2 Nb4 16. Bc3 a5 17. Bxb4 Qxb4 18. Bh3 e6 19. Ng5 Bf5 20. g4 Be4 21. f3 Bh6 22. Rxc8 Rxc8 23. Nxf7 Kxf7 24. fxe4 dxe4 25. Rf1+ Kg7 26. g5 Bxg5 27. Bxe6 Rc7 28. Qf2 Qe7 29. Bc4 b5 30. Bxb5 Rc3 31. Re1 Bh4 32. Qd2 Bxe1 33. Qxe1 Qg5+ 34. Kf2 Qh4+ 35. Kf1 Qxe1+ 36. Kxe1 Rxe3+ 0-1


[Site "https://www.chess.com"]

[Event "Titled Tuesday Blitz June 07 Late 2022"]
[White "Cremisi, Daniel"]
[Black "Bortnyk, Olexandr"]
[WhiteFideId "2089882"]
[BlackFideId "14120828"]
[WhiteElo "2172"]
[BlackElo "2723"]
[Result "0-1"]
[Round "01"]
[TimeControl "180+1"]
[Date "2022.06.07"]
[WhiteClock "0:00:13"]
[BlackClock "0:00:12"]

1. d4 d6 2. e4 Nf6 3. Nc3 Nbd7 4. Nf3 e5 5. dxe5 dxe5 6. Bc4 Bb4 7. O-O Bxc3 8. bxc3 O-O 9. Qe2 Qe7 10. a4 Nc5 11. Ba3 Bg4 12. Qe3 b6 13. Bxc5 bxc5 14. h3 Bxf3 15. Qxf3 Rfd8 16. Rfd1 g6 17. Rd3 Rd6 18. Rad1 Kg7 19. Rxd6 cxd6 20. Qd3 Rd8 21. Bd5 Nh5 22. Rb1 Nf4 23. Qf3 Rd7 24. Kh2 Qf6 25. Bc4 Qh4 26. Qg3 Qd8 27. Qf3 Qa5 28. g3 Nh5 29. Bb5 Rb7 30. Rd1 a6 31. Bc6 Rc7 32. Rxd6 Qb6 33. Rd7 Rxd7 34. Bxd7 Nf6 35. Bc8 Qc6 36. Bg4 h5 37. Bxh5 gxh5 38. Qe3 Qxe4 39. Qg5+ Qg6 40. Qxe5 Qxc2 41. Qg5+ Qg6 42. Qxc5 Kh7 43. Qe3 Qe4 44. Qg5 Qf3 45. Kg1 Qxf2+ 46. Kxf2 Ne4+ 47. Ke3 Nxg5 48. h4 Ne6 49. Ke4 Nc5+ 50. Kd5 Nxa4 51. c4 Nb6+ 52. Kc5 Nxc4 53. Kxc4 Kg6 54. Kd4 Kf5 55. Kc5 Kg4 56. Kb6 Kxg3 57. Kxa6 f5 58. Kb6 f4 59. Kc5 f3 60. Kd4 f2 61. Ke3 f1=Q 0-1


[Site "https://www.chess.com"]

[Event "Titled Tuesday Blitz June 07 Late 2022"]
[White "Derraugh, Geordie"]
[Black "Grigoriants, Sergey"]
[WhiteFideId "2603950"]
[BlackFideId "4130804"]
[WhiteElo "2116"]
[BlackElo "2502"]
[Result "0-1"]
[Round "01"]
[TimeControl "180+1"]
[Date "2022.06.07"]
[WhiteClock "0:00:39"]
[BlackClock "0:00:23"]

1. e4 c5 2. Nf3 e6 3. d3 Nc6 4. g3 Nf6 5. Bg2 g6 6. O-O Bg7 7. Re1 d5 8. e5 Nd7 9. Bf4 h6 10. h4 b5 11. a4 b4 12. c4 bxc3 13. bxc3 Rb8 14. c4 Nb4 15. Nc3 O-O 16. cxd5 exd5 17. Nxd5 Nxd5 18. e6 Nxf4 19. exd7 Bxd7 20. gxf4 Bxa1 21. Qxa1 Bc6 22. Qc3 Bxf3 23. Bxf3 Qxh4 24. Qxc5 Qxf4 25. Bg2 Qxa4 26. Bd5 Qb4 27. Qc1 Kg7 28. Qa1+ Qb2 29. Qxa7 Rbd8 30. Bc4 Qd4 31. Qb7 Rd7 32. Qf3 Rd6 33. Re4 Rf6 34. Qg3 Qc5 35. Kg2 Rd8 36. Re5 Qc6+ 37. Kg1 Rd4 38. Re7 Qc5 39. Re5 Qd6 40. Qe3 Rg4+ 41. Kf1 Rgf4 42. Re8 Qc6 43. Re7 Qh1+ 44. Ke2 Qg2 45. Kd2 Qxf2+ 46. Qxf2 Rxf2+ 47. Kc3 h5 48. d4 h4 49. d5 h3 50. d6 Rxd6 0-1


[Site "https://www.chess.com"]

[Event "Titled Tuesday Blitz June 07 Late 2022"]
[White "Dounis, Alexandros"]
[Black "Hansen, Eric"]
[WhiteFideId "4213238"]
[BlackFideId "2606771"]
[WhiteElo "2204"]
[BlackElo "2568"]
[Result "0-1"]
[Round "01"]
[TimeControl "180+1"]
[Date "2022.06.07"]
[WhiteClock "0:00:07"]
[BlackClock "0:01:15"]

1. Nf3 d5 2. g3 c6 3. Bg2 Bg4 4. O-O Nd7 5. d3 e5 6. e4 dxe4 7. dxe4 Ngf6 8. Qe2 h6 9. h3 Be6 10. b3 Qc7 11. Bb2 Be7 12. Nbd2 b5 13. a4 O-O 14. Rfc1 a6 15. c4 b4 16. c5 Bxc5 17. Rxc5 Nxc5 18. Nxe5 Rad8 19. Rc1 Rxd2 20. Qxd2 Nxb3 21. Qc2 Nxc1 22. Qxc1 c5 23. Nd3 Ne8 24. Nxc5 a5 25. Qe3 Qd6 26. Kh2 Qd1 27. Qf4 Qc2 28. Qe5 Qxf2 29. Bd4 Qf6 30. Nxe6 Qxe5 31. Bxe5 fxe6 32. Kg1 Nf6 0-1


[Site "https://www.chess.com"]

[Event "Titled Tuesday Blitz June 07 Late 2022"]
[White "Dubov, Daniil"]
[Black "Goncalves, Davi Sulzbacher"]
[WhiteFideId "24126055"]
[BlackFideId "2154510"]
[WhiteElo "2791"]
[BlackElo "2107"]
[Result "1-0"]
[Round "01"]
[TimeControl "180+1"]
[Date "2022.06.07"]
[WhiteClock "0:01:35"]
[BlackClock "0:01:24"]

1. c4 c5 2. Nf3 Nc6 3. d4 cxd4 4. Nxd4 g6 5. Nc2 Bg7 6. g3 Nf6 7. Bg2 O-O 8. O-O d6 9. Nc3 Bd7 10. b3 Qa5 11. Bb2 Rfc8 12. Qd2 Qh5 13. Rfd1 Bh3 14. Ne3 Bh6 15. Ncd5 Ng4 16. Nxg4 Bxg4 17. Qc3 f6 18. Nxf6+ exf6 19. Bd5+ Kf8 20. Qxf6+ 1-0


[Site "https://www.chess.com"]

[Event "Titled Tuesday Blitz June 07 Late 2022"]
[White "Garcia, Gabriel Gonzaga"]
[Black "Jobava, Baadur"]
[WhiteFideId "2138956"]
[BlackFideId "13601520"]
[WhiteElo "2240"]
[BlackElo "2617"]
[Result "0-1"]
[Round "01"]
[TimeControl "180+1"]
[Date "2022.06.07"]
[WhiteClock "0:00:31"]
[BlackClock "0:01:02"]

1. e4 d6 2. d4 Nf6 3. Nc3 e5 4. dxe5 dxe5 5. Qxd8+ Kxd8 6. Bc4 Ke8 7. Bg5 Bd6 8. Nge2 Nbd7 9. O-O-O h6 10. Bxf6 Nxf6 11. Ng3 g6 12. Nb5 Ke7 13. Rd3 Rd8 14. Rhd1 a6 15. Nxd6 Rxd6 16. Rxd6 cxd6 17. f3 Be6 18. Bb3 Rc8 19. Nf1 Nd7 20. Ne3 Nc5 21. Nd5+ Kf8 22. Kb1 Nxb3 23. axb3 f5 24. exf5 gxf5 25. Nb6 Rc6 26. Nc4 Ke7 27. Ne3 f4 28. Nd5+ Bxd5 29. Rxd5 Ke6 30. c4 Rc8 31. Rd2 Rg8 32. Kc2 h5 33. Kd3 h4 34. h3 a5 35. Ke4 Rg7 36. Rc2 Rc7 37. Rd2 Rg7 38. Rc2 b5 39. Kd3 bxc4+ 40. bxc4 a4 41. Kc3 Rb7 42. Rd2 Rb3+ 43. Kc2 Re3 44. Rd5 Re2+ 45. Rd2 Re1 46. Rd1 Re3 47. Rd3 Re1 48. Rd2 Ra1 49. Kc3 a3 50. b4 a2 51. Kb2 Rb1+ 52. Kxa2 Rxb4 53. Rc2 Kd7 54. Ka3 Rb1 55. Rb2 Rc1 56. Kb4 Kc6 57. Ra2 Rg1 58. Ra6+ Kd7 59. Ra2 Rc1 60. Kb5 Rb1+ 61. Ka4 Kc6 62. Rc2 Kc5 63. Rd2 Kxc4 64. Rxd6 Ra1# 0-1


[Site "https://www.chess.com"]

[Event "Titled Tuesday Blitz June 07 Late 2022"]
[White "Golubovskis, Maksims"]
[Black "Nakamura, Hikaru"]
[WhiteFideId "11608528"]
[BlackFideId "2016192"]
[WhiteElo "2102"]
[BlackElo "2850"]
[Result "0-1"]
[Round "01"]
[TimeControl "180+1"]
[Date "2022.06.07"]
[WhiteClock "0:00:01"]
[BlackClock "0:01:41"]

1. e4 g6 2. d4 Bg7 3. Nc3 a6 4. Be3 b5 5. Bd3 Bb7 6. Nf3 d6 7. O-O Nd7 8. a4 c6 9. Re1 e5 10. dxe5 dxe5 11. Qd2 Ngf6 12. Bh6 O-O 13. Bxg7 Kxg7 14. axb5 cxb5 15. Qe3 Re8 16. Red1 Qc7 17. h3 Nc5 18. Nd2 Rad8 19. Rac1 Ne6 20. Ne2 Nf4 21. Nf3 Nxe2+ 22. Qxe2 Qc5 23. c3 Nh5 24. b4 Qb6 25. Bb1 Nf4 26. Qe1 Rc8 27. Kh2 Rc7 28. g3 Nh5 29. Rd3 Nf6 30. Re3 a5 31. bxa5 Qxa5 32. Qd2 Rc4 33. Rce1 Qc7 34. Qb2 Rc5 35. Qb4 Ra8 36. Rd1 Ra4 37. Qb2 Nxe4 38. Bxe4 Rxe4 39. Rxe4 Bxe4 40. Nd2 Bb7 41. Re1 Qc6 42. f3 Rxc3 43. Rxe5 Rc2 44. Qa1 Qf6 45. Qb1 Rxd2+ 0-1


[Site "https://www.chess.com"]

[Event "Titled Tuesday Blitz June 07 Late 2022"]
[White "Guseinov, Gadir"]
[Black "Bibasa, Bob"]
[WhiteFideId "13401378"]
[BlackFideId "10000240"]
[WhiteElo "2581"]
[BlackElo "1983"]
[Result "1-0"]
[Round "01"]
[TimeControl "180+1"]
[Date "2022.06.07"]
[WhiteClock "0:02:23"]
[BlackClock "0:00:58"]

1. e4 c5 2. Nc3 Nc6 3. Bb5 Nd4 4. Nf3 Nxb5 5. Nxb5 Nf6 6. e5 Nd5 7. Ng5 e6 8. Ne4 b6 9. Nbd6+ Bxd6 10. Nxd6+ Kf8 11. O-O Ba6 12. c4 Ne7 13. d4 cxd4 14. Qxd4 Nc6 15. Qf4 f6 16. Re1 Kg8 17. Bd2 Qe7 18. Bc3 f5 19. Rad1 g5 20. Qd2 Rd8 21. b4 Nb8 22. b5 Bc8 23. Bb4 Qg7 24. a4 a5 25. Ba3 h6 26. Qd4 Kh7 27. Qxb6 Ba6 28. bxa6 Nc6 29. a7 Ra8 30. Nb5 Nxe5 31. Qc7 Ng4 1-0


[Site "https://www.chess.com"]

[Event "Titled Tuesday Blitz June 07 Late 2022"]
[White "Holt, Conrad"]
[Black "Vusatiuk, Vladimir"]
[WhiteFideId "2034387"]
[BlackFideId "14118610"]
[WhiteElo "2586"]
[BlackElo "2157"]
[Result "1-0"]
[Round "01"]
[TimeControl "180+1"]
[Date "2022.06.07"]
[WhiteClock "0:01:43"]
[BlackClock "0:00:52"]

1. d4 Nf6 2. c4 e6 3. Nc3 Bb4 4. Qc2 O-O 5. e4 d5 6. e5 Ne4 7. Bd3 c5 8. Nf3 Nc6 9. O-O Bxc3 10. bxc3 f5 11. exf6 Nxf6 12. Ba3 b6 13. dxc5 Qe7 14. cxd5 Nxd5 15. Bxh7+ Kh8 16. Nd4 Ne5 17. Rae1 Nc4 18. Bc1 bxc5 19. Nb3 Ba6 20. Bd3 Nf4 21. Bxf4 Rxf4 22. g3 Rf6 23. Re4 Na3 24. Rh4+ Kg8 25. Qe2 c4 26. Bh7+ Kf8 27. Be4 Rd8 28. Rh8+ Kf7 29. Qh5+ g6 30. Qh7# 1-0


[Site "https://www.chess.com"]

[Event "Titled Tuesday Blitz June 07 Late 2022"]
[White "Keller, Peter"]
[Black "Livaic, Leon"]
[WhiteFideId "1272105"]
[BlackFideId "14531534"]
[WhiteElo "2275"]
[BlackElo "2540"]
[Result "0-1"]
[Round "01"]
[TimeControl "180+1"]
[Date "2022.06.07"]
[WhiteClock "0:00:05"]
[BlackClock "0:00:39"]

1. e4 e6 2. d4 d5 3. Nc3 Bb4 4. e5 c5 5. a3 Bxc3+ 6. bxc3 Ne7 7. Qg4 Qc7 8. Qxg7 Rg8 9. Qxh7 cxd4 10. Ne2 Nbc6 11. f4 dxc3 12. h4 d4 13. h5 Bd7 14. h6 O-O-O 15. Qd3 Kb8 16. h7 Rh8 17. g4 Bc8 18. Bg2 b6 19. Rb1 Bb7 20. Rh6 Ng6 21. Kf2 Nf8 22. a4 Na5 23. Ba3 Bxg2 24. Bd6 Rxd6 25. exd6 Qb7 26. Nxd4 Be4 27. Qb5 Nxh7 28. Qe5 Rd8 29. Re1 Bg6 30. f5 Nc4 31. Qf4 e5 32. Rxe5 Nxe5 33. Qxe5 Nf8 34. fxg6 Nxg6 35. Qf6 Re8 36. Nb5 Qe4 37. Rxg6 Qxc2+ 38. Kg3 Qd3+ 39. Kh4 Qxg6 40. Qxc3 Qh6+ 41. Kg3 Re3+ 42. Qxe3 Qxe3+ 0-1


[Site "https://www.chess.com"]

[Event "Titled Tuesday Blitz June 07 Late 2022"]
[White "Le Goff, Ronan"]
[Black "Paravyan, David"]
[WhiteFideId "612073"]
[BlackFideId "4194985"]
[WhiteElo "2276"]
[BlackElo "2569"]
[Result "0-1"]
[Round "01"]
[TimeControl "180+1"]
[Date "2022.06.07"]
[WhiteClock "0:01:16"]
[BlackClock "0:02:07"]

1. d4 Nf6 2. Bf4 g6 3. Nc3 d5 4. e3 Bg7 5. Nb5 Na6 6. c4 O-O 7. Nf3 c5 8. Be2 dxc4 9. O-O cxd4 10. Nfxd4 Nd5 11. Bg3 Nb6 12. Rc1 Bd7 13. Bxc4 Nxc4 14. Rxc4 e5 15. Nd6 exd4 16. exd4 Qb6 17. Qf3 Bb5 18. Nxb5 Qxb5 19. b3 Rac8 20. Rfc1 Rxc4 21. Rxc4 Qf5 0-1


[Site "https://www.chess.com"]

[Event "Titled Tuesday Blitz June 07 Late 2022"]
[White "Licznerski, Lukasz"]
[Black "Boidiya, Sidi"]
[WhiteFideId "1179250"]
[BlackFideId "19600100"]
[WhiteElo "2387"]
[BlackElo "2113"]
[Result "1-0"]
[Round "01"]
[TimeControl "180+1"]
[Date "2022.06.07"]
[WhiteClock "0:00:29"]
[BlackClock "0:00:08"]

1. e4 c5 2. Nf3 e6 3. d4 cxd4 4. Nxd4 Nf6 5. Nc3 Bb4 6. e5 Nd5 7. Bd2 Bxc3 8. bxc3 O-O 9. Bd3 Nc6 10. Nxc6 bxc6 11. O-O f5 12. c4 Nb6 13. Bb4 Rf7 14. Rb1 Ba6 15. Qe2 Qh4 16. Bd6 Bxc4 17. Rb4 Bxd3 18. Qxd3 f4 19. Rfb1 h6 20. f3 Qg5 21. a4 Qf5 22. Qxf5 Rxf5 23. a5 Nd5 24. Rb8+ Rxb8 25. Rxb8+ Kh7 26. Ra8 Ne3 27. h4 Nc4 28. Bc7 Nxe5 29. Rxa7 Nc4 30. a6 Rd5 31. Bxf4 Rd1+ 32. Kh2 e5 33. Bg3 Rd2 34. Rb7 Ne3 35. a7 Rxg2+ 36. Kh3 Rg1 37. a8=Q Rh1+ 38. Bh2 g5 39. Rxd7+ Kg6 40. Qe8+ 1-0


[Site "https://www.chess.com"]

[Event "Titled Tuesday Blitz June 07 Late 2022"]
[White "Maghsoodloo, Parham"]
[Black "Mikhalsky, Vladimir"]
[WhiteFideId "12539929"]
[BlackFideId "14144352"]
[WhiteElo "2607"]
[BlackElo "2301"]
[Result "1-0"]
[Round "01"]
[TimeControl "180+1"]
[Date "2022.06.07"]
[WhiteClock "0:01:49"]
[BlackClock "0:00:43"]

1. d4 Nf6 2. c4 g6 3. Nf3 Bg7 4. g3 O-O 5. Bg2 d6 6. O-O Nbd7 7. Nc3 e5 8. e4 c6 9. Re1 Qb6 10. dxe5 dxe5 11. Qc2 Re8 12. h3 Nf8 13. Be3 Qc7 14. b4 Ne6 15. Rad1 a5 16. a3 axb4 17. axb4 Ra3 18. c5 Rxc3 19. Qxc3 Nxe4 20. Qc4 f5 21. Ng5 Nxg5 22. Bxg5 Kh8 23. Bc1 e4 24. Rd6 Be5 25. Red1 Bxd6 26. cxd6 Qg7 27. Qa2 Kg8 28. Bf1 b5 29. Bb2 Qf7 30. Qb3 Bd7 31. Qc3 Qg7 32. Qd2 Qf7 33. Ra1 f4 34. gxf4 Nxf4 35. Qd4 1-0


[Site "https://www.chess.com"]

[Event "Titled Tuesday Blitz June 07 Late 2022"]
[White "Mamedov, Rauf"]
[Black "Bringas Gomez, Artai"]
[WhiteFideId "13401653"]
[BlackFideId "24534064"]
[WhiteElo "2666"]
[BlackElo "1988"]
[Result "1-0"]
[Round "01"]
[TimeControl "180+1"]
[Date "2022.06.07"]
[WhiteClock "0:02:42"]
[BlackClock "0:00:52"]

1. e4 c6 2. Ne2 d5 3. e5 c5 4. d4 Nc6 5. c3 cxd4 6. cxd4 Bf5 7. Nbc3 e6 8. Ng3 Bg6 9. Be2 Nge7 10. h4 h6 11. h5 Bh7 12. O-O Nf5 13. Nxf5 Bxf5 14. Bg4 Bxg4 15. Qxg4 Qb6 16. Be3 Qxb2 17. Rfc1 Qa3 18. Rab1 Qa6 19. Nb5 Rc8 20. Nd6+ Bxd6 21. exd6 Rg8 22. Bxh6 Kd7 23. Bxg7 b6 24. h6 Qd3 25. Qh5 Qg6 26. Qxg6 fxg6 27. Rxc6 Rxc6 28. h7 Rcc8 29. hxg8=Q Rxg8 30. Be5 Rc8 31. Rb3 Rc2 32. Rf3 Ke8 33. Rf6 Rxa2 34. Rxe6+ 1-0


[Site "https://www.chess.com"]

[Event "Titled Tuesday Blitz June 07 Late 2022"]
[White "Martinez Alcantara, Jose Eduardo"]
[Black "Sliwicka, Alicja"]
[WhiteFideId "3805662"]
[BlackFideId "1150677"]
[WhiteElo "2703"]
[BlackElo "2120"]
[Result "1-0"]
[Round "01"]
[TimeControl "180+1"]
[Date "2022.06.07"]
[WhiteClock "0:00:19"]
[BlackClock "0:00:01"]

1. e4 c5 2. Nf3 d6 3. Bb5+ Bd7 4. c4 Bxb5 5. cxb5 a6 6. bxa6 Nxa6 7. O-O g6 8. d4 Bg7 9. Nc3 cxd4 10. Nxd4 Nf6 11. Be3 O-O 12. f3 Qa5 13. a3 Rfc8 14. Rc1 Qd8 15. b4 Nd7 16. Qb3 Ne5 17. Ncb5 Rxc1 18. Rxc1 Rc8 19. Rc2 Nc6 20. Ne2 Qd7 21. Kf1 Ne5 22. Nbd4 Rxc2 23. Qxc2 Nc7 24. h3 Nc6 25. Qd3 Ne6 26. Nxe6 Qxe6 27. Qd5 Qc8 28. Qc4 Qd7 29. f4 Kf8 30. b5 Nd8 31. a4 f5 32. a5 fxe4 33. a6 bxa6 34. bxa6 Nc6 35. Qxe4 d5 36. Qa4 d4 37. Bxd4 Qc7 38. a7 Nxa7 39. Qxa7 Qd6 40. Bxg7+ Kxg7 41. Qd4+ Qf6 42. Qxf6+ exf6 43. Kf2 f5 44. Kf3 h6 45. h4 Kf6 46. Nc3 g5 47. g3 Kg6 48. Nd5 Kh5 49. hxg5 hxg5 50. Ne7 gxf4 51. gxf4 1-0


[Site "https://www.chess.com"]

[Event "Titled Tuesday Blitz June 07 Late 2022"]
[White "Moussard, Jules"]
[Black "Kubatko, Ivan"]
[WhiteFideId "642908"]
[BlackFideId "24111473"]
[WhiteElo "2589"]
[BlackElo "2285"]
[Result "1-0"]
[Round "01"]
[TimeControl "180+1"]
[Date "2022.06.07"]
[WhiteClock "0:01:41"]
[BlackClock "0:00:55"]

1. Nf3 d5 2. b3 c5 3. Bb2 Nc6 4. e3 a6 5. d4 Nf6 6. Bd3 Bg4 7. Nbd2 e6 8. O-O Bd6 9. h3 Bh5 10. a3 O-O 11. dxc5 Bxc5 12. b4 Bd6 13. c4 Re8 14. cxd5 exd5 15. Qb3 Ne4 16. Rac1 Rc8 17. Bxe4 dxe4 18. Nd4 Qg5 19. Kh1 Qe5 20. N4f3 Qf5 21. Nd4 Qe5 22. f4 exf3 23. N4xf3 Qxe3 24. Qxe3 Rxe3 25. Nc4 Rd3 26. Ne1 Rd5 27. Nb6 1-0


[Site "https://www.chess.com"]

[Event "Titled Tuesday Blitz June 07 Late 2022"]
[White "Nozdrachev, Leonid"]
[Black "Sarana, Alexey"]
[WhiteFideId "24113433"]
[BlackFideId "24133795"]
[WhiteElo "2129"]
[BlackElo "2666"]
[Result "0-1"]
[Round "01"]
[TimeControl "180+1"]
[Date "2022.06.07"]
[WhiteClock "0:00:02"]
[BlackClock "0:01:22"]

1. e4 c5 2. c3 d5 3. exd5 Qxd5 4. d4 Nf6 5. Nf3 Nc6 6. Be2 cxd4 7. cxd4 e6 8. O-O Be7 9. Nc3 Qd6 10. Bg5 O-O 11. Bxf6 Bxf6 12. Ne4 Qe7 13. Bb5 Bd7 14. Rc1 Rfd8 15. Re1 Nxd4 16. Nxf6+ Qxf6 17. Qxd4 Bxb5 18. Qxf6 gxf6 19. Red1 Rxd1+ 20. Rxd1 Rc8 21. Nd4 Bd7 22. f4 Kf8 23. Nf5 Bc6 24. Ne3 Ke7 25. Kf2 Be4 26. Rd4 f5 27. Rd2 Rc1 28. a3 h5 29. h4 Rh1 30. Kg3 b6 31. Rd1 Rxd1 32. Nxd1 Kd6 33. Kf2 Kc5 34. Nc3 Bc6 35. g3 Kc4 36. Ke3 Kb3 37. Kd2 Kxb2 38. Ne2 Kxa3 39. Nd4 Bd7 40. Kc3 b5 41. Nf3 f6 42. Kd2 a5 43. Ne1 b4 44. Nd3 b3 45. Kc3 a4 46. Nb2 Ka2 47. Nc4 a3 0-1


[Site "https://www.chess.com"]

[Event "Titled Tuesday Blitz June 07 Late 2022"]
[White "Ozdemir, Serhan Berat"]
[Black "Moroni, Luca Jr"]
[WhiteFideId "6374611"]
[BlackFideId "865834"]
[WhiteElo "1920"]
[BlackElo "2573"]
[Result "0-1"]
[Round "01"]
[TimeControl "180+1"]
[Date "2022.06.07"]
[WhiteClock "0:00:01"]
[BlackClock "0:01:31"]

1. e4 d6 2. d4 e5 3. Nf3 exd4 4. Nxd4 Nf6 5. Nc3 Be7 6. Be2 O-O 7. O-O Re8 8. f4 Bf8 9. Bf3 c6 10. h3 a5 11. Re1 a4 12. e5 dxe5 13. fxe5 Bc5 14. exf6 Bxd4+ 15. Kh1 Rxe1+ 16. Qxe1 Bxf6 17. Bf4 Be6 18. Rd1 Nd7 19. Ne4 Be7 20. Qg3 Qf8 21. Bd2 Bxa2 22. Bc3 Bd5 23. Ng5 h6 0-1


[Site "https://www.chess.com"]